 Dungeon Crawl Stone Soup version 0.30-a0-311-gf115ab0292 (webtiles) character file.

Game seed: 7516114045462843371

497 NinjaNoafa the Sneak (level 6, 0/28 HPs)
             Began as a Spriggan Enchanter on Oct 25, 2022.
             Was a Follower of Uskayaw.
             Killed by divine providence
             ... invoked by an orc priest
              (16 damage)
             ... on level 4 of the Dungeon.
             The game lasted 00:08:03 (3360 turns).

NinjaNoafa the Sneak (Spriggan Enchanter)           Turns: 3360, Time: 00:08:03

Health: 0/28       AC:  2    Str:  4    XL:     6   Next: 93%
Magic:  11/11      EV: 19    Int: 18    God:    Uskayaw [*.....]
Gold:   176        SH:  0    Dex: 16    Spells: 11/11 levels left

rFire   . . .      SeeInvis +    p - +1 short sword (venom)
rCold   . . .      Faith    .    (no shield)
rNeg    . . .      Spirit   .    b - +0 robe
rPois   .          Reflect  .    (helmet restricted)
rElec   .          Harm     .    (no cloak)
rCorr   .          Rampage  .    (gloves unavailable)
Will    +....                    (boots unavailable)
Stlth   ++........               (no amulet)
HPRegen 0.24/turn                (no ring)
MPRegen 0.12/turn                (no ring)

@: invisible, slow
A: very small, no large weapons, unfitting armour, see invisible, speed 3
a: Renounce Religion, Stomp


You were on level 4 of the Dungeon.
You worshipped Uskayaw.
Uskayaw was noncommittal.
You visited 2 branches of the dungeon, and saw 5 of its levels.

You collected 176 gold pieces.

Inventory:

Hand Weapons
 m - a +2 dagger of holy wrath
 p - a +1 short sword of venom (weapon)
Missiles
 h - 20 stones (quivered)
Armour
 b - a +0 robe (worn)
Jewellery
 a - a ring of wizardry
Scrolls
 d - a scroll of amnesia {unknown}
 f - a scroll of vulnerability {unknown}
 g - a scroll of poison {unknown}
 i - a scroll of noise {unknown}
 j - 2 scrolls of teleportation
 q - a scroll of enchant armour {unknown}
 s - a scroll of enchant weapon {unknown}
 t - a scroll of brand weapon {unknown}
 v - a scroll of magic mapping {unknown}
 x - a scroll of blinking {unknown}
Potions
 c - a potion of invisibility
 e - a potion of resistance
 k - 2 potions of haste {unknown}
 l - a potion of lignification
 r - a potion of magic {unknown}
 u - 2 potions of heal wounds {unknown}
 w - 2 potions of cancellation


   Skills:
 - Level 3.0 Short Blades
 - Level 5.0 Dodging
 - Level 5.0 Stealth
 - Level 3.0 Spellcasting
 - Level 5.0 Hexes
 - Level 3.0 Ice Magic
 + Level 2.6 Invocations


You had 11 spell levels left.
You didn't know any spells.
Your spell library contained the following spells:

 Spells                   Type           Power      Damage    Failure   Level
 Ensorcelled Hibernation  Hex/Ice        34%        N/A       4%          2
 Confusing Touch          Hex            20%        N/A       6%          3
 Tukima's Dance           Hex            20%        N/A       6%          3
 Foxfire                  Conj/Fire      8%         2x1d4     16%         1
 Dazzling Flash           Conj/Hex       22%        N/A       17%         3
 Cigotuvi's Dreadful Rot  Necr/Pois/Air  4%         N/A       24%         2
 Gell's Gravitas          Tloc           2%         N/A       43%         3
 Teleport Other           Tloc           2%         N/A       43%         3
 Dispel Undead            Necr           2%         3d7       85%         4
 Fireball                 Conj/Fire      1%         3d3       99%         5
 Death Channel            Necr           1%         N/A       100%        6
 Dispersal                Tloc           1%         N/A       100%        6
 Starburst                Conj/Fire      1%         6d3       100%        6


Dungeon Overview and Level Annotations

Branches:
Dungeon (4/15)             Temple (1/1) D:4

Altars:
Cheibriados
Dithmenos
Elyvilon
Fedhas
Gozag
Hepliaklqana
Kikubaaqudgha
Makhleb
Nemelex Xobeh
Okawaru
Qazlal
Ru
Trog
Uskayaw
Vehumet
Wu Jian
Xom
Yredelemnul
Zin
The Shining One


Innate Abilities, Weirdness & Mutations

You are very small and have problems with some larger weapons.
You are too small for most types of armour.
You have supernaturally acute eyesight. (SInv)
You cover ground extremely quickly. (Speed+++)


Message History

The endoplasm closely misses you.
You hit the endoplasm.
You kill the endoplasm!
There is an open door here.
You enter the shallow water.
Moving in this stuff is going to be slow.
Found a scroll labelled REQE ULU ARYO.
An orc comes into view. It is wielding a +0 mace.
Found 13 gold pieces.
You enter the shallow water.
Moving in this stuff is going to be slow.
The orc shouts!
You hear a shout! x2; The orc shouts!
An orc priest comes into view. It is wielding a +0 hand axe.
Your unstable footing causes you to fumble your attack.
An orc wizard comes into view. It is wielding a +0 dagger.
The orc wizard shouts!
The orc wizard moves out of view.
You barely miss the orc.
The orc priest hits you with a +0 hand axe.
The orc completely misses you. The orc closely misses you.
You barely miss the orc priest.
The orc priest hits you with a +0 hand axe.
The orc misses you.
The orc splashes around in the water.
You hit the orc priest.
The orc priest is poisoned.
The orc priest is moderately wounded.
The orc priest hits you with a +0 hand axe.
The orc misses you.
You can now stomp with the beat.
You fade into invisibility!
The orc closely misses you.
The orc priest hits you but does no damage.
The orc splashes around in the water.
The orc barely misses you.
Your unstable footing causes you to fumble your attack.
The orc closely misses you.
The orc splashes around in the water.
Your unstable footing causes you to fumble your attack.
The orc priest mumbles some strange prayers to Beogh against you.
Beogh smites you!
Ouch! That really hurt!
You die...

#.# .. #.# #.#
#.# ..$ #.# #.#
#.# ~.?
#.######.# #.#
######~♣
####.....#
#.####~~~~~~♣
####..#
#....#~...♣♣♣.♣
#..#
#.##.'.........
#...
#.####~...♣♣♣
##.. #.#
#~~~~o@♣ ###
#.# ######o♣
#.# #o...~# #..
#~...~# ###
#~...~# #~~~~~#
#######


You could see an orc priest (very poisoned) and 2 orcs.

Vanquished Creatures
  An ice beast (D:4)
  A necrophage (D:4)
  2 scorpions (D:4)
  A crimson imp (D:3)
  A jelly (D:4)
  A hound (D:4)
  7 adders
  A worm (D:3)
  2 dart slugs (D:2)
  An orc (D:3)
  4 ball pythons
  6 bats
  4 endoplasms
  4 giant cockroaches
  8 goblins
  5 hobgoblins
  2 jackals (D:3)
  3 quokkas
  5 frilled lizards
  4 kobolds
  5 rats
68 creatures vanquished.

Notes
Turn   | Place    | Note
-------+----------+-------------------------------------------
     0 | D:1      | NinjaNoafa the Spriggan Enchanter began the quest for the
                  | Orb.
     0 | D:1      | Reached XP level 1. HP: 9/9 MP: 5/5
   204 | D:1      | Reached XP level 2. HP: 13/13 MP: 6/6
   867 | D:2      | Reached XP level 3. HP: 8/16 MP: 8/8
  1681 | D:3      | Reached skill level 5 in Stealth
  1701 | D:3      | Reached XP level 4. HP: 16/21 MP: 9/9
  1774 | D:3      | Found a burning altar of Makhleb.
  1775 | D:3      | Found a radiant altar of Vehumet.
  1940 | D:3      | Reached skill level 5 in Dodging
  2082 | D:3      | HP: 1/21 [poisoned by an adder]
  2374 | D:4      | Noticed a scorpion
  2393 | D:4      | Found a staircase to the Ecumenical Temple.
  2405 | D:4      | Reached XP level 5. HP: 4/24 MP: 10/10
  2429 | Temple   | Entered the Ecumenical Temple
  2616 | Temple   | Became a worshipper of Uskayaw the Reveller
  2664 | D:4      | Reached * piety under Uskayaw
  2682 | D:4      | Reached skill level 5 in Hexes
  2682 | D:4      | Reached skill level 1 in Ice Magic
  2719 | D:4      | Noticed an ice beast
  2793 | D:4      | Reached XP level 6. HP: 28/28 MP: 11/11
  2861 | D:4      | Killed an ice beast
  2862 | D:4      | Reached skill level 1 in Invocations
  3108 | D:4      | Reached ** piety under Uskayaw
  3360 | D:4      | Killed from afar by an orc priest

Illustrated notes

Levels and vault maps discovered:
D:1:      roderic_crop_circles_arrival_small, layout_basic, minmay_cupped
D:2:      layout_basic
D:3:      layout_basic, grunt_temple_overflow_lords_of_destruction
D:4:      layout_loops_ring, minmay_temple_entry_ruins, kennysheep_minor_cross
Temple:   compressed_dpeg_circular_temple

Skill      XL: |  1  2  3  4  5  6 |
---------------+-------------------+-----
Dodging        | 3 4 5 |  5.0
Short Blades   | 2 3 |  3.0
Spellcasting   | 3 |  3.0
Stealth        | 5 |  5.0
Hexes          | 4 5 |  5.0
Ice Magic      | 2 3 |  3.0
Invocations    | 2 |  2.6

Action                   |  1- 3 |  4- 6 || total
-------------------------+-------+-------++-------
Melee: Dagger            |    87 |       ||    87
       Short sword       |    28 |   119 ||   147
       Punch             |       |     2 ||     2
Throw: Stone             |       |    16 ||    16
       Throwing net      |       |     1 ||     1
Invok: Stomp             |       |     1 ||     1
  Use: Scroll            |       |     6 ||     6
       Potion            |       |     3 ||     3
 Stab: Sleeping          |    14 |     7 ||    21
Armor: Robe              |    12 |     8 ||    20
Dodge: Dodged            |   121 |    89 ||   210

Table legend: (Time is in decaauts)
 A = Elapsed time spent in this place.
 B = Non-inter-level travel time spent in this place.
 C = Inter-level travel time spent in this place.
 D = Time resting spent in this place.
 E = Time spent auto-exploring this place.
 F = Levels seen in this place.
 G = Mean time per level.
                   A        B        C        D        E       F      G
               +--------+--------+--------+--------+--------+-----+--------+
         Total |   2285 |   2196 |     89 |      0 |   1630 |   5 |  457.0 |
       Dungeon |   2136 |   2083 |     53 |      0 |   1527 |   4 |  534.0 |
        Temple |    149 |    114 |     35 |      0 |    102 |   1 |  149.0 |
               +--------+--------+--------+--------+--------+-----+--------+

Top non-repeatable levels by time:
     D:4: 589 daAuts
     D:3: 538 daAuts
     D:1: 506 daAuts
     D:2: 502 daAuts
  Temple: 149 daAuts
